 Dungeon Crawl Stone Soup version 0.31-a0-1540-g5a0b83f (webtiles) character file.

Game seed: 8550031672680969126

23651 CountryCottage the Summoner (level 12, -2/53 HPs)
             Began as a Felid Summoner on Jan 1, 2024.
             Was an Initiate of Gozag.
             Slain by an elephant (8 damage)
             ... on level 3 of the Lair of Beasts.
             The game lasted 00:47:31 (23474 turns).

CountryCottage the Summoner (Felid Summoner)       Turns: 23474, Time: 00:47:32

Health: -2/53      AC:  7    Str:  4    XL:     12   Next: 73%
Magic:  33/33      EV: 34    Int: 23    God:    Gozag
Gold:   2622       SH:  0    Dex: 18    Spells: 17/38 levels left
                                        Lives:  0   Deaths: 4

rFire   . .          .
                       - Unarmed
rCold   + . .        (shield unavailable)
rNeg    . . .        (body armour unavailable)
rPois   +            (helmet unavailable)
rElec   .            (cloak unavailable)
rCorr   .            (gloves unavailable)
SInv    +            (boots unavailable)
Will    +....        w - amulet of the acrobat
Stlth   +++          b - +4 ring of protection
HPRegen 0.28/turn    l - ring of poison resistance
MPRegen 0.23/turn

%: acrobat
@: acrobatic
A: very small, claws 1, fangs 3, see invisible, shaggy fur 3, stealthy paws, no
weapons or thrown items, no armour, multi-lived, antennae 1, high MP 1
a: Renounce Religion, Potion Petition, Call Merchant, Bribe Branch


You were on level 3 of the Lair of Beasts.
You worshipped Gozag.
Gozag was most pleased with you.
You visited 3 branches of the dungeon, and saw 15 of its levels.

You collected 2712 gold pieces.
You spent 24 gold pieces at shops.
You paid 66 gold pieces to Gozag.

Inventory:

Jewellery
 b - a +4 ring of protection (left paw)
 d - a +6 ring of strength
 j - a ring of protection from cold
 l - a ring of poison resistance (right paw)
 s - a ring of resist corrosion
 u - a ring of willpower
 v - a +4 ring of protection
 w - an amulet of the acrobat (around neck)
 y - a ring of protection from cold
 E - a ring of flight
Wands
 c - a wand of mindburst (15)
 p - a wand of paralysis (1)
 q - a wand of iceblast (8)
 t - a wand of flame (11)
 D - a wand of light (2)
Scrolls
 e - 9 scrolls of identify
 f - 2 scrolls of immolation
 h - 6 scrolls of fog
 i - a scroll of noise
 r - 3 scrolls of amnesia
 B - 2 scrolls of teleportation
Potions
 a - a potion of magic
 g - a potion of curing
 m - 2 potions of berserk rage
 n - 6 potions of mutation
 o - 3 potions of lignification
 x - a potion of invisibility
 z - a potion of ambrosia
 A - a potion of might
 C - a potion of attraction
 F - a potion of resistance
 G - a potion of heal wounds
Miscellaneous
 k - a condenser vane


   Skills:
 + Level 1.2 Fighting
 + Level 4.1 Dodging
 + Level 4.3 Stealth
 + Level 1.0 Unarmed Combat
 * Level 13.8 Spellcasting
 * Level 14.6 Summonings
 + Level 1.4 Translocations
 + Level 4.3 Fire Magic
 + Level 1.4 Air Magic
 + Level 0.1 Evocations


You had 17 spell levels left.
You knew the following spells:

 Your Spells              Type           Power      Damage    Failure   Level
a - Summon Lightning Spi  Summ/Air       52%        N/A       1%          4
b - Call Imp              Summ           100%       N/A       0%          2
c - Call Canine Familiar  Summ           70%        N/A       1%          3
d - Summon Blazeheart Go  Fire/Summ      56%        N/A       1%          4
e - Summon Cactus Giant   Summ           35%        N/A       1%          6
f - Blink                 Tloc           44%        N/A       3%          2

Your spell library contained the following spells:

 Spells                   Type           Power      Damage    Failure   Level
 Summon Small Mammal      Summ           100%       N/A       0%          1
 Scorch                   Fire           72%        2d8       1%          2
 Lesser Beckoning         Tloc           44%        N/A       3%          2
 Volatile Blastmotes      Fire/Tloc      58%        2d14      3%          3
 Momentum Strike          Conj/Tloc      38%        3d9       4%          2
 Inner Flame              Hex/Fire       26%        N/A       4%          3
 Flame Wave               Conj/Fire      26%        2d8       16%         4
 Sticky Flame             Fire/Alch      26%        2d6       16%         4
 Iskenderun's Mystic Bla  Conj/Tloc      19%        2d6       28%         4
 Fulminant Prism          Conj/Alch      7%         3d7       36%         4


Dungeon Overview and Level Annotations

Branches:
Dungeon (11/15)            Temple (1/1) D:5            Lair (3/5) D:10
  Snake (0/4) Lair:2
  Swamp: Lair:2-3    Shoals: Lair:2-3       Orc: D:9-12

Altars:
Ashenzari
Cheibriados
Dithmenos
Elyvilon
Fedhas
Gozag
Hepliaklqana
Kikubaaqudgha
Makhleb
Nemelex Xobeh
Okawaru
Qazlal
Ru
Sif Muna
Trog
Uskayaw
Vehumet
Wu Jian
Xom
Yredelemnul
Zin
The Shining One

Shops:
D:5 *   D:10 [


Innate Abilities, Weirdness & Mutations

You have sharp claws.
You have razor-sharp teeth.
You have supernaturally acute eyesight. (SInv)
Your thick and shaggy fur keeps you warm. (AC +3, rC+)
Your paws help you pounce on unaware monsters.
You are incapable of wielding weapons or throwing items.
You cannot wear armour.
You gain extra lives every three experience levels.
You have a pair of small antennae on your head.
You have an increased reservoir of magic. (+10% MP)


Message History

The elephant closely misses you. The elephant completely misses you. x3
The cane toad misses you. The elephant completely misses you. x3
The elephant misses you. The elephant barely misses you. x2
The elephant misses you. The elephant completely misses you.
The cane toad completely misses you. The elephant completely misses you.
The elephant closely misses you. The elephant completely misses you.
The elephant trunk-slaps you but does no damage.
The elephant completely misses you. x2; The elephant barely misses you.
The elephant completely misses you. The cane toad completely misses you.
The elephant completely misses you. x2
The elephant tramples you!
You hold your ground!
The elephant completely misses you. The elephant barely misses you. x2
The elephant completely misses you.
The elephant trunk-slaps you but does no damage.
The cane toad misses you. The elephant completely misses you.
The elephant trunk-slaps you but does no damage.
The elephant completely misses you. x4; The elephant tramples you!
You hold your ground!
The elephant completely misses you. The cane toad completely misses you.
The cane toad completely misses you. The elephant completely misses you.
The elephant misses you. The elephant completely misses you.
The elephant barely misses you. x2; The elephant completely misses you. x2
The elephant misses you. The cane toad completely misses you.
The elephant completely misses you.
The elephant trunk-slaps you but does no damage.
The elephant tramples you!
You hold your ground!
The elephant completely misses you. The elephant misses you.
The elephant completely misses you. The elephant misses you. x2
The cane toad completely misses you. The elephant tramples you!
* * * LOW HITPOINT WARNING * * *
You stumble backwards!
The elephant completely misses you. x2
The elephant tramples you.
* * * LOW HITPOINT WARNING * * *
You stumble backwards!
The elephant completely misses you. x2
The cane toad misses you. The elephant completely misses you.
The elephant misses you. The elephant tramples you!
You die...
Your body crumbles into a pile of gold.

... .... . ...
#$...# #..#.#
#....## #....<####
#
##..##...####..#.#
##.....YY@.......
##.....YF.......
###....Y.....#.
#.#..######.##
#.#... ...#
###..## ..#
##..P####..##
##?..##.#....###
................


You could see 4 elephants and a cane toad.

Vanquished Creatures
  A yak (D:5)
  A water moccasin (Lair:2)
  A centaur (D:4)
  3 electric eels
  Terence (D:2)
  A jackal (D:5)
  A quokka (D:1)
  A ball python (D:1)
10 creatures vanquished.

Vanquished Creatures (collateral kills)
  Fannar (D:10)
  Erica (D:10)
  A two-headed ogre (D:8)
  A death yak (Lair:1)
  Sonja (Lair:1)
  A skyshark (Lair:2)
  Nergalle (D:10)
  A lindwurm (Lair:2)
  A wolf spider (Lair:1)
  A salamander (Lair:2)
  A black mamba (Lair:1)
  A torpor snail (Lair:1)
  4 cane toads
  A gargoyle (D:10)
  Jeremiah (D:7)
  2 rime drakes
  3 komodo dragons
  A polar bear (Lair:2)
  2 trolls
  9 blink frogs
  Sigmund (D:3)
  A wraith (D:10)
  3 wyverns (Lair:2)
  28 yaks
  A steam dragon (D:7)
  5 vampire mosquitoes
  2 acid dragons
  8 water moccasins
  An ice beast (D:7)
  5 orc warriors
  2 black bears
  3 ogres
  A sky beast (D:6)
  19 wolves
  4 centaurs
  A phantom (D:6)
  3 kobold brigands
  5 bullfrogs
  3 scorpions
  4 howler monkeys
  3 lava snakes (Lair:2)
  4 hounds
  Crazy Yiuf (D:6)
  2 bombardier beetles
  2 jellies
  7 orc priests
  3 gnoll boudas
  Jessica (D:2)
  6 sleepcaps
  Natasha (D:3)
  9 iguanas
  4 orc wizards
  6 gnolls
  8 adders
  2 shadow imps (D:6)
  A white imp (D:8)
  5 ufetubi
  4 dart slugs
  A ribbon worm (D:3)
  28 orcs
  9 bats
  6 endoplasms
  2 giant cockroaches
  5 goblins
  4 hobgoblins
  3 jackals (D:5)
  33 kobolds
  5 quokkas
  8 ball pythons
  A frilled lizard (D:1)
  6 rats
315 creatures vanquished.

Vanquished Creatures (others)
  An orc (D:8)
  A blazeheart core (D:10)
2 creatures vanquished.

Grand Total: 327 creatures vanquished

Notes
Turn   | Place    | Note
-------+----------+-------------------------------------------
     0 | D:1      | CountryCottage the Felid Summoner began the quest for the
                  | Orb.
     0 | D:1      | Reached XP level 1. HP: 9/9 MP: 4/4
   268 | D:1      | Reached XP level 2. HP: 13/13 MP: 3/6
   276 | D:1      | Learned a level 2 spell: Call Imp
   421 | D:1      | Gained mutation: You have a pair of small antennae on your
                  | head. [potion of mutation]
   421 | D:1      | Gained mutation: You have an increased reservoir of magic.
                  | (+10% MP) [potion of mutation]
  1274 | D:2      | Reached XP level 3. HP: 16/16 MP: 2/8
  1278 | D:2      | Learned a level 3 spell: Call Canine Familiar
  1505 | D:2      | Reached skill level 5 in Summonings
  1775 | D:2      | Noticed Terence
  1800 | D:2      | Killed Terence
  1801 | D:2      | Reached XP level 4. HP: 9/21 MP: 2/10
  1801 | D:2      | Gained a life (2 lives remaining)
  1876 | D:2      | Noticed Jessica
  1890 | D:2      | Killed Jessica
  2466 | D:3      | Noticed Sigmund
  2487 | D:3      | Killed Sigmund
  2488 | D:3      | Reached skill level 6 in Summonings
  2488 | D:3      | Reached XP level 5. HP: 24/24 MP: 6/13
  2488 | D:3      | Gained mutation: You are covered in thick fur. (AC +2)
                  | [Felid growth]
  2488 | D:3      | Reached XP level 6. HP: 28/28 MP: 6/14
  2493 | D:3      | Learned a level 4 spell: Summon Blazeheart Golem
  2634 | D:3      | Found a radiant altar of Vehumet.
  2906 | D:3      | Found a shadowy altar of Dithmenos.
  2907 | D:3      | Noticed Natasha
  2921 | D:3      | Killed Natasha
  3393 | D:3      | Found an ornate altar of the Wu Jian Council.
  5028 | D:4      | Reached XP level 7. HP: 26/32 MP: 8/16
  5422 | D:5      | Entered Level 5 of the Dungeon
  5467 | D:5      | Found a hide-covered altar of Uskayaw.
  5507 | D:5      | Reached skill level 5 in Spellcasting
  5963 | D:5      | Noticed a yak
  5963 | D:5      | Noticed a yak
  5986 | D:5      | Killed a yak
  5987 | D:5      | Reached skill level 7 in Summonings
  5987 | D:5      | Reached skill level 1 in Fire Magic
  5989 | D:5      | Noticed a yak
  6094 | D:4      | Killed a yak
  6095 | D:4      | Reached XP level 8. HP: 36/36 MP: 13/20
  6190 | D:5      | Found a staircase to the Ecumenical Temple.
  6200 | Temple   | Entered the Ecumenical Temple
  6226 | Temple   | Became a worshipper of Gozag Ym Sagoz the Greedy
  6422 | D:5      | Found Entiom's CLEARANCE SALE!.
  6511 | D:5      | Bought a scroll of amnesia for 24 gold pieces
  6523 | D:5      | Found a bloodstained altar of Trog.
  6718 | D:6      | Found a broken altar of Ashenzari.
  6949 | D:6      | Reached skill level 8 in Summonings
  7905 | D:5      | Reached skill level 9 in Summonings
  7905 | D:5      | Reached XP level 9. HP: 39/39 MP: 4/23
  9001 | D:5      | Learned a level 4 spell: Summon Lightning Spire
  9147 | D:6      | Found a runed translucent door.
  9148 | D:6      | Noticed Crazy Yiuf
  9162 | D:6      | Killed Crazy Yiuf
  9710 | D:6      | Reached skill level 10 in Summonings
 10125 | D:7      | Found a sparkling altar of Nemelex Xobeh.
 10604 | D:7      | Found the +6 shillelagh "Devastator" {shatter}
 10697 | D:7      | Found a sacrificial altar of Ru.
 10718 | D:7      | Identified the +2 flail of Gallantry {spect, Str+3 Stlth+}
 10849 | D:7      | Reached XP level 10. HP: 39/44 MP: 13/26
 11229 | D:7      | Noticed Jeremiah
 11660 | D:7      | Killed Jeremiah
 11812 | D:7      | Found a shimmering altar of Xom.
 12036 | D:7      | Found an iron altar of Okawaru.
 12242 | D:8      | Noticed a two-headed ogre
 12403 | D:8      | Shot with an arrow by a centaur
 12403 | D:8      | Lost a life (1 life remaining)
 12874 | D:8      | Killed a two-headed ogre
 12875 | D:8      | Reached skill level 11 in Summonings
 13370 | D:8      | Found a blossoming altar of Fedhas.
 13608 | D:8      | Reached skill level 10 in Spellcasting
 14173 | D:9      | Reached skill level 1 in Air Magic
 14855 | D:9      | Learned a level 6 spell: Summon Cactus Giant
 14960 | D:10     | Entered Level 10 of the Dungeon
 14960 | D:10     | Noticed a gargoyle
 15318 | D:10     | Noticed Nergalle
 15542 | D:10     | Killed Nergalle
 15544 | D:10     | Killed a gargoyle
 15807 | D:10     | Noticed Fannar
 15820 | D:10     | Reached skill level 12 in Summonings
 15820 | D:10     | Reached XP level 11. HP: 41/47 MP: 13/29
 15820 | D:10     | Gained a life (2 lives remaining)
 15823 | D:10     | Found Oczunir's Antique Armour Shop.
 16090 | D:10     | Found a staircase to the Lair.
 16337 | D:10     | Noticed Erica
 16526 | D:10     | Killed Fannar
 16892 | D:10     | Found a white marble altar of Elyvilon.
 17280 | D:10     | Killed Erica
 18119 | Lair:1   | Entered Level 1 of the Lair of Beasts
 18154 | D:10     | Reached skill level 13 in Summonings
 18850 | Lair:1   | Learned a level 2 spell: Blink
 19123 | Lair:1   | Noticed Sonja
 19132 | Lair:1   | Killed Sonja
 19221 | Lair:1   | You fall into a shaft and drop 1 floor!
 19221 | Lair:2   | Noticed a skyshark
 19244 | Lair:2   | Killed a skyshark
 19419 | Lair:2   | Noticed a lindwurm
 19508 | Lair:2   | Killed from afar by a lindwurm
 19508 | Lair:2   | Lost a life (1 life remaining)
 19518 | Lair:2   | Reached skill level 1 in Translocations
 19815 | Lair:2   | Gained mutation: Your thick and shaggy fur keeps you warm.
                  | (AC +3, rC+) [Felid growth]
 19815 | Lair:2   | Reached XP level 12. HP: 51/51 MP: 18/32
 19815 | Lair:2   | Gained a life (2 lives remaining)
 20432 | Lair:2   | Found a staircase to the Snake Pit.
 20482 | Lair:2   | Reached skill level 14 in Summonings
 21693 | Lair:1   | Noticed a death yak
 21704 | Lair:1   | Killed a death yak
 22146 | Lair:1   | Reached skill level 1 in Fighting
 22437 | Lair:1   | Reached skill level 1 in Unarmed Combat
 23423 | Lair:2   | Killed from afar by a lindwurm
 23423 | Lair:2   | Lost a life (1 life remaining)
 23436 | Lair:2   | HP: 2/53 [poisoned by a water moccasin]
 23437 | Lair:2   | Slain by a lindwurm
 23437 | Lair:2   | Lost a life (0 lives remaining)
 23474 | Lair:3   | Slain by an elephant

Illustrated notes

Levels and vault maps discovered:
D:1:      mrwooster_arrival_statue_2, layout_basic
D:2:      layout_rooms, uniq_terence, uniq_jessica
D:3:      layout_basic, mainiacjoe_overflow_tiny_flanked,
          pdpol_wu_jian_five_deadly_venoms, mainiacjoe_overflow_catwalk,
          kennysheep_generic_room_10, uniq_natasha, uniq_sigmund
D:4:      layout_layer_cave, minmay_misc_feat_tiny, nicolae_nh_ransacked_shop
D:5:      layout_rooms, mainiacjoe_overflow_small_starburst, lemuel_tele_altar,
          minmay_temple_entry_mini_moons, nicolae_shop_clearance
D:6:      cheibrodos_helix_gallery, layout_cave_pools,
          mainiacjoe_overflow_brackets, serial_rivers,
          chequers_serial_rivers_micro_e, chequers_serial_rivers_micro_d,
          chequers_serial_rivers_micro_d, chequers_serial_rivers_small_3,
          chequers_serial_rivers_micro_e, chequers_serial_rivers_marsh,
          wad_floor_pattern_untrapped, amethyst_killhole, nzn_random_ring,
          uniq_crazy_yiuf_cottage
D:7:      kennysheep_kobold_camp, layout_basic, nicolae_ru_awakened_eye,
          nemelex_xobeh_ov_fountains_minmay, gammafunk_temple_overflow_wave,
          uniq_jeremiah
D:8:      layout_cave_pods, fedhas_altar_3
D:9:      layout_loops_ring
D:10:     layout_basic, lemuel_doored_altar, erik_lair_island, serial_shops,
          shop, corexii_checkpoint, uniq_fannar, uniq_erica, uniq_nergalle
D:11:     minmay_the_grid_4x2 [minmay_the_grid_square_x,
          minmay_the_grid_minigrid_medium, minmay_the_grid_tri_star,
          minmay_the_grid_large_cup, minmay_the_grid_expand,
          minmay_the_grid_dragon_a, minmay_the_grid_diamond_grid,
          minmay_the_grid_prize_trominoes], layout_basic, orc_david_3
Temple:   chequers_temple_sunken
Lair:1:   layout_cave_pods, nicolae_lair_run_with_the_wolves, uniq_sonja
Lair:2:   layout_small_grid, nicolae_snake_entry_warm_welcome, st_stairs_3,
          infiniplex_staircase_pool
Lair:3:   regret_index_malice_mire, layout_concentric_octagons,
          nicolae_swamp_entry_spooky, uniq_kirke

Skill      XL: |  1  2  3  4  5  6  7  8  9 10 11 12 |
---------------+-------------------------------------+-----
Summonings     | 5 6 7 9 10 12 13 14 | 14.6
Spellcasting   | 3 4 6 7 9 10 12 13 | 13.8
Stealth        | 3 4 |  4.3
Fire Magic     | 1 2 3 4 |  4.3
Dodging        | 3 4 |  4.1
Air Magic      | 1 |  1.4
Translocations | 1 |  1.4
Fighting       | 1 |  1.2
Unarmed Combat | 1 |  1.0
Evocations     | |  0.1

Action                     |  1- 3 |  4- 6 |  7- 9 | 10-12 || total
---------------------------+-------+-------+-------+-------++-------
  Melee: Unarmed           |    13 |       |    19 |    18 ||    50
         Punch             |       |       |     2 |       ||     2
         Bite              |       |       |     2 |     3 ||     5
   Cast: Summon Small Mamm |    48 |    11 |       |       ||    59
         Call Imp          |    19 |    37 |    89 |   131 ||   276
         Call Canine Famil |     7 |    35 |    76 |   116 ||   234
         Summon Blazeheart |       |       |    32 |    80 ||   112
         Summon Lightning  |       |       |     6 |    56 ||    62
         Summon Cactus Gia |       |       |       |    62 ||    62
         Blink             |       |       |       |     2 ||     2
  Evoke: Wand              |       |       |     1 |     7 ||     8
    Use: Potion            |     4 |     6 |     2 |     3 ||    15
         Scroll            |     3 |     6 |     2 |     4 ||    15
   Stab: Distracted        |       |       |     1 |     1 ||     2
 Armour: Skin              |    14 |     9 |    70 |   106 ||   199
  Dodge: Dodged            |    24 |    16 |   157 |   253 ||   450

Table legend: (Time is in decaauts)
 A = Elapsed time spent in this place.
 B = Non-inter-level travel time spent in this place.
 C = Inter-level travel time spent in this place.
 D = Time resting spent in this place.
 E = Time spent auto-exploring this place.
 F = Levels seen in this place.
 G = Mean time per level.
                   A        B        C        D        E       F      G
               +--------+--------+--------+--------+--------+-----+--------+
         Total |  23525 |  21877 |   1648 |    196 |  17596 |  15 | 1568.3 |
       Dungeon |  18578 |  17251 |   1327 |    196 |  13716 |  11 | 1688.9 |
        Temple |     55 |      3 |     52 |      0 |      0 |   1 |   55.0 |
          Lair |   4892 |   4624 |    268 |      0 |   3880 |   3 | 1630.7 |
               +--------+--------+--------+--------+--------+-----+--------+

Top non-repeatable levels by time:
    D:10: 3350 daAuts
     D:6: 3123 daAuts
  Lair:2: 2582 daAuts
  Lair:1: 2281 daAuts
     D:7: 2073 daAuts
     D:3: 1790 daAuts
     D:4: 1668 daAuts
     D:8: 1613 daAuts
     D:5: 1286 daAuts
     D:9: 1209 daAuts
     D:1: 1158 daAuts
     D:2: 1133 daAuts
    D:11: 170 daAuts
  Temple: 55 daAuts
  Lair:3: 29 daAuts
